TOP OF THE 1ST |
Utica Unicorns batting - Pitching for Tuscaloosa Trout Slayers : LHP Gerardo González
|
Pitching: LHP Gerardo González
|
|
Batting: LHB Raúl Morales
|
0-0: Foul Ball, location: 2F 0-1: Called Strike 0-2: Ball 1-2: Strikes out swinging
|
Batting: RHB António Magana
|
0-0: Ball 1-0: Called Strike 1-1: Ball 2-1: Ground out U3 (Groundball, 34)
|
Batting: RHB Kenny Cole
|
0-0: Called Strike 0-1: Ball 1-1: Ball 2-1: DOUBLE (Line Drive, 7D)
|
Batting: RHB Marcos Castillo
|
0-0: Swinging Strike 0-1: DOUBLE (Line Drive, 9LM) Kenny Cole scores
|
Batting: RHB José Velázquez
|
0-0: Called Strike 0-1: Called Strike 0-2: Ball Wild Pitch! Marcos Castillo to third 1-2: Fly out, F8 (Flyball, 8RD)
|
Top of the 1st over - 1 run, 2 hits, 0 errors, 1 left on base; Utica 1 - Tuscaloosa 0 |
BOTTOM OF THE 1ST |
Tuscaloosa Trout Slayers batting - Pitching for Utica Unicorns : RHP Paul Clark
|
Pitching: RHP Paul Clark
|
|
Batting: LHB Manuel Ortega
|
0-0: Called Strike 0-1: Ball 1-1: Swinging Strike 1-2: Foul Ball, location: 2F 1-2: Foul Ball, location: 2F 1-2: Foul Ball, location: 2F 1-2: Strikes out swinging
|
Batting: LHB Ethan Shaw
|
0-0: Ground out 6-3 (Groundball, 6MS)
|
Batting: LHB Eddy Jefferson
|
0-0: Called Strike 0-1: SINGLE (Line Drive, 4D)
|
Batting: RHB Juan Reyes
|
0-0: Ball 1-0: Swinging Strike 1-1: Fly out, F8 (Flyball, 8RD)
|
Bottom of the 1st over - 0 runs, 1 hit, 0 errors, 1 left on base; Utica 1 - Tuscaloosa 0 |
TOP OF THE 2ND |
Utica Unicorns batting - Pitching for Tuscaloosa Trout Slayers : LHP Gerardo González
|
Batting: RHB Morgan Gibbon
|
0-0: Called Strike 0-1: Ball 1-1: Ball 2-1: Fly out, F7 (Flyball, 7S)
|
Batting: RHB Pablo Díaz
|
0-0: Ball 1-0: Reached via error on a dropped throw, E3
|
Batting: RHB Justin Geoghegan
|
0-0: Called Strike 0-1: Ball 1-1: Ball 2-1: Ball 3-1: Swinging Strike 3-2: Foul Ball, location: 2F 3-2: Grounds into double play, 6-4-3 (Groundball, 6)
|
Top of the 2nd over - 0 runs, 0 hits, 1 error, 0 left on base; Utica 1 - Tuscaloosa 0 |
BOTTOM OF THE 2ND |
Tuscaloosa Trout Slayers batting - Pitching for Utica Unicorns : RHP Paul Clark
|
Batting: LHB Ed Hart
|
0-0: Ball 1-0: Called Strike 1-1: Fly out, F6 (Popup, 6MS)
|
Batting: RHB José Fernández
|
0-0: Called Strike 0-1: Ground out 5-3 (Groundball, 56S)
|
Batting: RHB Augusto Baca
|
0-0: Called Strike 0-1: Swinging Strike 0-2: Strikes out swinging
|
Bottom of the 2nd over - 0 runs, 0 hits, 0 errors, 0 left on base; Utica 1 - Tuscaloosa 0 |
TOP OF THE 3RD |
Utica Unicorns batting - Pitching for Tuscaloosa Trout Slayers : LHP Gerardo González
|
Batting: SHB Ralph Robison
|
0-0: Called Strike 0-1: Ball 1-1: Swinging Strike 1-2: Foul Ball, location: 2F 1-2: Strikes out swinging
|
Batting: LHB Raúl Morales
|
0-0: Foul Ball, location: 2F 0-1: Foul Ball, location: 2F 0-2: Strikes out swinging
|
Batting: RHB António Magana
|
0-0: Swinging Strike 0-1: SINGLE (Flyball, 7LS)
|
Batting: RHB Kenny Cole
|
0-0: Ball Wild Pitch! António Magana to second 1-0: Ball 2-0: Called Strike 2-1: Swinging Strike 2-2: Foul Ball, location: 2F 2-2: Ball 3-2: Foul Ball, location: 2F 3-2: DOUBLE (Line Drive, 78XD) António Magana scores
|
Batting: RHB Marcos Castillo
|
0-0: Foul Ball, location: 2F 0-1: Ball 1-1: Foul Ball, location: 2F 1-2: Ball 2-2: Foul Ball, location: 2F 2-2: Strikes out looking
|
Top of the 3rd over - 1 run, 2 hits, 0 errors, 1 left on base; Utica 2 - Tuscaloosa 0 |
BOTTOM OF THE 3RD |
Tuscaloosa Trout Slayers batting - Pitching for Utica Unicorns : RHP Paul Clark
|
Batting: SHB António Ramírez
|
0-0: Foul Ball, location: 2F 0-1: Called Strike 0-2: Ball 1-2: Ball 2-2: Ball 3-2: Base on Balls
|
Batting: RHB Greg Lee
|
0-0: Called Strike 0-1: Grounds into double play, 5-4-3 (Groundball, 56)
|
Batting: LHB Manuel Ortega
|
0-0: Ball 1-0: Foul Ball, location: 2F 1-1: Foul Ball, location: 2F 1-2: Ball 2-2: Strikes out swinging
|
Bottom of the 3rd over - 0 runs, 0 hits, 0 errors, 0 left on base; Utica 2 - Tuscaloosa 0 |
TOP OF THE 4TH |
Utica Unicorns batting - Pitching for Tuscaloosa Trout Slayers : LHP Gerardo González
|
Batting: RHB José Velázquez
|
0-0: Ball 1-0: Called Strike 1-1: Ball 2-1: Ball 3-1: Base on Balls
|
Batting: RHB Morgan Gibbon
|
0-0: Called Strike 0-1: Called Strike 0-2: Ball 1-2: Ball 2-2: Foul Ball, location: 2F 2-2: Ball 3-2: Strikes out swinging
|
Batting: RHB Pablo Díaz
|
0-0: Foul Ball, location: 2F 0-1: Reached on error, E5 (Groundball, 56) José Velázquez to second
|
Batting: RHB Justin Geoghegan
|
0-0: Ball 1-0: Ball 2-0: Foul Ball, location: 2F 2-1: Foul Ball, location: 2F 2-2: Ball 3-2: Foul Ball, location: 2F 3-2: Grounds into double play, 6-4-3 (Groundball, 6)
|
Top of the 4th over - 0 runs, 0 hits, 1 error, 1 left on base; Utica 2 - Tuscaloosa 0 |
BOTTOM OF THE 4TH |
Tuscaloosa Trout Slayers batting - Pitching for Utica Unicorns : RHP Paul Clark
|
Batting: LHB Ethan Shaw
|
0-0: Ball 1-0: Called Strike 1-1: Ball 2-1: DOUBLE (Line Drive, 78XD)
|
Batting: LHB Eddy Jefferson
|
0-0: Ball 1-0: Ball 2-0: Called Strike 2-1: Foul Ball, location: 2F 2-2: Ground out 4-3 (Groundball, 4) Ethan Shaw to third
|
Batting: RHB Juan Reyes
|
0-0: Called Strike 0-1: Ball 1-1: Foul Ball, location: 2F 1-2: Strikes out looking
|
Batting: LHB Ed Hart
|
0-0: Swinging Strike 0-1: Swinging Strike 0-2: Strikes out looking
|
Bottom of the 4th over - 0 runs, 1 hit, 0 errors, 1 left on base; Utica 2 - Tuscaloosa 0 |
TOP OF THE 5TH |
Utica Unicorns batting - Pitching for Tuscaloosa Trout Slayers : LHP Gerardo González
|
Batting: SHB Ralph Robison
|
0-0: Ball 1-0: Called Strike 1-1: Called Strike 1-2: Ball 2-2: Foul Ball, location: 2F 2-2: Ball 3-2: Strikes out swinging
|
Batting: LHB Raúl Morales
|
0-0: Called Strike 0-1: Called Strike 0-2: Ball 1-2: Ball 2-2: Strikes out swinging
|
Batting: RHB António Magana
|
0-0: Ground out 5-3 (Groundball, 5)
|
Top of the 5th over - 0 runs, 0 hits, 0 errors, 0 left on base; Utica 2 - Tuscaloosa 0 |
BOTTOM OF THE 5TH |
Tuscaloosa Trout Slayers batting - Pitching for Utica Unicorns : RHP Paul Clark
|
Batting: RHB José Fernández
|
0-0: Ball 1-0: Foul Ball, location: 2F 1-1: Ball 2-1: Ball 3-1: Called Strike 3-2: Strikes out swinging
|
Batting: RHB Augusto Baca
|
0-0: Fly out, F9 (Flyball, 9S)
|
Batting: SHB António Ramírez
|
0-0: Ball 1-0: Ball 2-0: Ball 3-0: Called Strike 3-1: Ground out U3 (Groundball, 3)
|
Bottom of the 5th over - 0 runs, 0 hits, 0 errors, 0 left on base; Utica 2 - Tuscaloosa 0 |
TOP OF THE 6TH |
Utica Unicorns batting - Pitching for Tuscaloosa Trout Slayers : LHP Gerardo González
|
Pitching: LHP Mike Scott
|
|
Batting: RHB Kenny Cole
|
0-0: Called Strike 0-1: Ball 1-1: Fly out, F7 (Flyball, 78S)
|
Batting: RHB Marcos Castillo
|
0-0: Ball 1-0: Swinging Strike 1-1: Ball 2-1: DOUBLE (Line Drive, 7LS)
|
Batting: RHB José Velázquez
|
0-0: Fly out, F8 (Flyball, 8RM)
|
Batting: RHB Morgan Gibbon
|
0-0: Ball 1-0: Ground out 3-1 (Groundball, 34)
|
Top of the 6th over - 0 runs, 1 hit, 0 errors, 1 left on base; Utica 2 - Tuscaloosa 0 |
BOTTOM OF THE 6TH |
Tuscaloosa Trout Slayers batting - Pitching for Utica Unicorns : RHP Paul Clark
|
Batting: RHB Greg Lee
|
0-0: Ball 1-0: Foul Ball, location: 2F 1-1: Foul Ball, location: 2F 1-2: Fly out, F8 (Flyball, 8RS)
|
Batting: LHB Manuel Ortega
|
0-0: Ball 1-0: Ball 2-0: Ball 3-0: Called Strike 3-1: Called Strike 3-2: Fly out, F5 (Popup, 56S)
|
Batting: LHB Ethan Shaw
|
0-0: Ball 1-0: Swinging Strike 1-1: Ball 2-1: Ground out 4-3 (Groundball, 4S)
|
Bottom of the 6th over - 0 runs, 0 hits, 0 errors, 0 left on base; Utica 2 - Tuscaloosa 0 |
TOP OF THE 7TH |
Utica Unicorns batting - Pitching for Tuscaloosa Trout Slayers : LHP Mike Scott
|
Batting: RHB Pablo Díaz
|
0-0: Ball 1-0: Foul Ball, location: 2F 1-1: Foul Ball, location: 2F 1-2: Ball 2-2: Ground out 5-3 (Groundball, 56S)
|
Batting: RHB Justin Geoghegan
|
0-0: Foul Ball, location: 2F 0-1: Called Strike 0-2: Ball 1-2: Strikes out swinging
|
Batting: SHB Ralph Robison
|
0-0: Foul Ball, location: 2F 0-1: Foul Ball, location: 2F 0-2: Foul Ball, location: 2F 0-2: Foul Ball, location: 2F 0-2: Strikes out swinging
|
Top of the 7th over - 0 runs, 0 hits, 0 errors, 0 left on base; Utica 2 - Tuscaloosa 0 |
BOTTOM OF THE 7TH |
Tuscaloosa Trout Slayers batting - Pitching for Utica Unicorns : RHP Paul Clark
|
Batting: LHB Eddy Jefferson
|
0-0: Ball 1-0: Called Strike 1-1: Ground out U3 (Groundball, 3)
|
Batting: RHB Juan Reyes
|
0-0: Ground out 6-3 (Groundball, 6)
|
Batting: LHB Ed Hart
|
0-0: Ball 1-0: Called Strike 1-1: Called Strike 1-2: Strikes out swinging
|
Bottom of the 7th over - 0 runs, 0 hits, 0 errors, 0 left on base; Utica 2 - Tuscaloosa 0 |
TOP OF THE 8TH |
Utica Unicorns batting - Pitching for Tuscaloosa Trout Slayers : LHP Mike Scott
|
Batting: LHB Raúl Morales
|
0-0: Ball 1-0: Ball 2-0: Fly out, F3 (Popup, 3F)
|
Batting: RHB António Magana
|
0-0: Swinging Strike 0-1: Ball 1-1: Ball 2-1: Ball 3-1: Swinging Strike 3-2: Base on Balls
|
Batting: RHB Kenny Cole
|
0-0: Ball 1-0: Foul Ball, location: 2F 1-1: Ball 2-1: Foul Ball, location: 2F 2-2: Ball 3-2: Foul Ball, location: 2F 3-2: Foul Ball, location: 2F 3-2: Strikes out swinging António Magana steals 2nd base Batter strikes out.
|
Pitching: RHP Josh Higgins
|
|
Batting: RHB Marcos Castillo
|
0-0: Called Strike 0-1: Foul Ball, location: 2F 0-2: Foul Ball, location: 2F 0-2: Ground out 4-3 (Groundball, 4)
|
Top of the 8th over - 0 runs, 0 hits, 0 errors, 1 left on base; Utica 2 - Tuscaloosa 0 |
BOTTOM OF THE 8TH |
Tuscaloosa Trout Slayers batting - Pitching for Utica Unicorns : RHP Paul Clark
|
Batting: RHB José Fernández
|
0-0: Foul Ball, location: 2F 0-1: Ball 1-1: Ball 2-1: Called Strike 2-2: Ball 3-2: Fly out, F7 (Flyball, 78M)
|
Batting: RHB Augusto Baca
|
0-0: Ball 1-0: Called Strike 1-1: Foul Ball, location: 2F 1-2: Ground out 3-1 (Groundball, 34)
|
Batting: SHB António Ramírez
|
0-0: Called Strike 0-1: Foul Ball, location: 2F 0-2: Ball 1-2: Ground out 4-3 (Groundball, 4)
|
Bottom of the 8th over - 0 runs, 0 hits, 0 errors, 0 left on base; Utica 2 - Tuscaloosa 0 |
TOP OF THE 9TH |
Utica Unicorns batting - Pitching for Tuscaloosa Trout Slayers : RHP Josh Higgins
|
Batting: RHB José Velázquez
|
0-0: Ball 1-0: Fly out, F9 (Flyball, 89S)
|
Batting: RHB Morgan Gibbon
|
0-0: Called Strike 0-1: Swinging Strike 0-2: Foul Ball, location: 2F 0-2: Foul Ball, location: 2F 0-2: Ball 1-2: Ground out 6-3 (Groundball, 6S)
|
Batting: RHB Pablo Díaz
|
0-0: Fly out, F8 (Line Drive, 8LD)
|
Top of the 9th over - 0 runs, 0 hits, 0 errors, 0 left on base; Utica 2 - Tuscaloosa 0 |
BOTTOM OF THE 9TH |
Tuscaloosa Trout Slayers batting - Pitching for Utica Unicorns : RHP Paul Clark
|
Pitching: RHP Tim Hill
|
|
Batting: RHB Greg Lee
|
0-0: Ground out 6-3 (Groundball, 6)
|
Batting: LHB Manuel Ortega
|
0-0: Ball 1-0: Ball 2-0: Called Strike 2-1: Foul Ball, location: 2F 2-2: Ball 3-2: Fly out, F5 (Line Drive, 56S)
|
Batting: LHB Ethan Shaw
|
0-0: Called Strike 0-1: DOUBLE (Line Drive, 9D)
|
Pinch Hitting: SHB Glenn Vadnais
|
0-0: Ball 1-0: Ball 2-0: Ball 3-0: Called Strike 3-1: Called Strike 3-2: Ground out 4-3 (Groundball, 4)
|
Bottom of the 9th over - 0 runs, 1 hit, 0 errors, 1 left on base; Utica 2 - Tuscaloosa 0 |
|